 Dungeon Crawl Stone Soup version 0.24-a0-592-g9a1d66b0e3 (webtiles) character file.

Game seed: 9854807401645137487, levelgen mode: classic

85945 Cecky the Warrior (level 16, -29/126 HPs)
             Began as a Halfling Hunter on June 27, 2019.
             Was a High Priest of Okawaru.
             Annihilated by Aizul (46 damage)
             ... on level 1 of the Spider Nest on Sept 9, 2019.
             The game lasted 01:17:50 (29160 turns).

Cecky the Warrior (Halfling Hunter)                Turns: 29160, Time: 01:17:50

Health: -29/126    AC: 33    Str: 13    XL:     16   Next: 32%
Magic:  0/23       EV: 10    Int: 14    God:    Okawaru [*****.]
Gold:   1874       SH:  0    Dex: 22    Spells: 15/15 levels left

rFire    . . .     SeeInvis .   b - +0 whip (elec)
rCold    . . .     Gourm    .   (shield restricted)
rNeg     . . .     Faith    .   y - +9 plate armour "Soptomp" {Int+5}
rPois    .         Spirit   +   (no helmet)
rElec    .         Reflect  .   R - +1 cloak
rCorr    .         Harm     .   A - +2 pair of gloves {archery}
MR       +....                  j - +0 pair of boots
Stlth    ..........             s - amulet of guardian spirit
HPRegen  0.31/turn              t - ring of stealth
MPRegen  0.18/turn              V - ring of wizardry

@: sleeping, berserk cooldown, slowed
A: small, mutation resistance 1
a: Heroism, Finesse, Renounce Religion


You were on level 1 of the Spider Nest.
You worshipped Okawaru.
Okawaru was extremely pleased with you.
You were not hungry.

You visited 3 branches of the dungeon, and saw 22 of its levels.

You collected 2090 gold pieces.
You spent 216 gold pieces at shops.

Inventory:

Hand Weapons
 a - a +7 fustibalus of flaming
 b - a +0 whip of electrocution (weapon)
 G - the +6 dagger "Qanazoy" {pierce, +Inv rF- Str+4 Int+4}
   (You found it on level 1 of the Lair of Beasts)

   It inflicts extra damage upon your enemies.
   It affects your strength (+4).
   It affects your intelligence (+4).
   It makes you vulnerable to fire.
   It lets you turn invisible.
Missiles
 d - 61 sling bullets
 u - 605 stones (quivered)
 K - 10 curare-tipped darts
Armour
 j - a +0 pair of boots (worn)
 w - the +6 scale mail "Aleneo" {rF+ Dex+3}
   (You bought it in a shop on level 5 of the Dungeon)

   It affects your dexterity (+3).
   It protects you from fire.
 y - the +9 plate armour "Soptomp" (worn) {Int+5}
   (Okawaru gifted it to you on level 3 of the Lair of Beasts)

   It affects your intelligence (+5).
 A - a +2 pair of gloves of archery (worn)
 R - a +1 cloak (worn)
 T - the -2 cloak of Velogiam {rF+ MR+ MP+9 Int+4}
   (Okawaru gifted it to you on level 6 of the Lair of Beasts)

   It affects your intelligence (+4).
   It protects you from fire.
   It affects your resistance to hostile enchantments.
   It affects your magic capacity (+9).
 X - a scarf of repulsion
Jewellery
 s - an amulet of guardian spirit (around neck)
 t - a ring of stealth (left hand)
 O - an uncursed ring of fire
 P - a +6 ring of strength
 V - a ring of wizardry (right hand)
Wands
 c - a wand of digging (18)
 p - a wand of clouds (21)
 B - a wand of acid (3)
 D - a wand of polymorph (19)
 J - a wand of paralysis (34)
 S - a wand of iceblast (10)
Scrolls
 e - a scroll of fog
 h - 4 scrolls of enchant armour
 i - 2 scrolls of magic mapping
 l - 9 scrolls of teleportation
 m - 2 scrolls of immolation
 o - 9 scrolls of amnesia
 v - 8 scrolls of remove curse
 E - 2 scrolls of random uselessness {unknown}
 H - 2 scrolls of identify
 U - a scroll of acquirement {unknown}
 Z - a scroll of torment {unknown}
Potions
 g - 2 potions of curing
 n - 2 potions of heal wounds
 r - a potion of resistance
 z - 4 potions of might {unknown}
 C - 2 potions of ambrosia
 F - a potion of magic {unknown}
 I - a potion of berserk rage
 L - 5 potions of agility
 M - 2 potions of invisibility
 N - 4 potions of mutation
Miscellaneous
 q - a phantom mirror
 Q - a sack of spiders
Comestibles
 f - 32 rations


   Skills:
 + Level 17.4 Fighting
 - Level 13.9(14.0) Slings
 - Level 1.4(6.6) Throwing
 + Level 13.8 Armour
 + Level 6.6 Dodging
 - Level 2.3 Stealth
 - Level 0.1 Unarmed Combat
 - Level 10.1 Invocations
 - Level 0.6 Evocations


You had 15 spell levels left.
You didn't know any spells.
Your spell library contained the following spells:

 Spells                   Type           Power        Failure   Level  Hunger
 Freeze                   Ice            #...         98%         1    ##.....
 Sting                    Conj/Pois      #...         98%         1    ##.....
 Ensorcelled Hibernation  Hex/Ice        #.....       99%         2    ###....
 Poisonous Vapours        Pois/Air       #.....       99%         2    ###....
 Throw Frost              Conj/Ice       #.....       99%         2    ###....
 Mephitic Cloud           Conj/Pois/Air  #.......     100%        3    ####...
 Ozocubu's Armour         Chrm/Ice       #.......     100%        3    ####...
 Spider Form              Tmut/Pois      #.........   100%        3    ####...
 Leda's Liquefaction      Hex/Erth       #.........   100%        4    #####..
 Olgreb's Toxic Radiance  Pois           #.......     100%        4    #####..
 Summon Ice Beast         Ice/Summ       #.......     100%        4    #####..
 Throw Icicle             Conj/Ice       #.......     100%        4    #####..
 Bolt of Magma            Conj/Fire/Erth #.........   100%        5    ######.
 Venom Bolt               Conj/Pois      #.........   100%        5    ######.
 Iron Shot                Conj/Erth      #.........   100%        6    #######
 Statue Form              Tmut/Erth      #........    100%        6    #######
 Shatter                  Erth           #.........   100%        9    #######


Dungeon Overview and Level Annotations

Branches:
Dungeon (15/15)            Temple (0/1) D:6            Lair (6/6) D:11
  Swamp (0/4) Lair:3       Spider (1/4) Lair:4        Slime (0/5) Lair:5
    Orc (0/2) D:9          Vaults (0/5) D:14         Depths (0/5) D:15

Altars:
Cheibriados
Dithmenos
Elyvilon
Fedhas
Gozag
Hepliaklqana
Makhleb
Okawaru
Qazlal
Trog
Uskayaw
Wu Jian
Zin

Shops:
D:5 [   D:6 =   D:7 %![(

Annotations:
D:4 1 runed translucent door, Crazy Yiuf
Lair:1 1 runed translucent door, Thantalas's ghost, journeyman GnFi
Lair:2 3 runed translucent doors, Banto's ghost, journeyman DgWn
Spider:1 Aizul


Innate Abilities, Weirdness & Mutations

You are small and have problems with some larger weapons.
You are somewhat resistant to further mutation.


Message History

Aizul coils herself and waves her upper body at you.
The poison arrow misses you.
Aizul coils herself and waves her upper body at you.
You fall asleep.
You wake up.
You're still recovering from your berserk rage.
Okay, then.
You closely miss Aizul.
Aizul is severely wounded.
You feel sick.
Aizul coils herself and waves her upper body at you.
The bolt of poison hits you!!
You are more poisoned.
* * * LOW HITPOINT WARNING * * *
Aizul closely misses you.
You feel better.
Aizul coils herself and waves her upper body at you.
You fall asleep.
Aizul hits you!!!
You die...

**,,,,,*#..,,....(.*,,*,,,
*,*,,,,#..,,,.,....*,,*,,,
****,**..###.,,,*.(######.
**,,.....*,,**,#(..^..^
*##..(##***,,,#<..(...
###.#.(.,,,,,,*#†......
####.#..###,,*,,*##.!...##
#........(#,##***#.†.^..#,
#.##[†...@##.# ###.^...##*
#...(.####S.#* #.#.#(...#*
#...(##* ##.####^..#.....#
#...#(,**#...#.#...#..(...
#..#,.*,*#...##....#..(...
###*,#.,*#.........##...(.
**,.∩*#...........#...(
**##*#........$.....,,
**#..............,*


You could see Aizul.

Vanquished Creatures
  Rupert (Lair:3)
  A tengu reaver (D:12)
  Kirke (D:12)
  Nessos (D:12)
  A fire dragon (D:15)
  A yaktaur captain (D:12)
  2 ice dragons
  6 hydras
  Harold (D:9)
  A death knight (D:13)
  3 centaur warriors (D:14)
  6 two-headed ogres
  3 death yaks (Lair:6)
  An ogre mage (D:15)
  Sonja (D:12)
  A fire crab (Lair:5)
  7 skeletal warriors
  A wizard (D:14)
  2 unseen horrors
  An unseen horror (shapeshifter) (D:14)
  Pikel (D:5)
  A phantasmal warrior (D:13)
  3 deep elf magi
  3 wolf spiders
  19 ugly things
  2 orb spiders (Spider:1)
  An orc knight (D:14)
  A cyclops (D:15)
  3 manticores
  2 centaur zombies
  8 black mambas
  A guardian serpent (Lair:6)
  3 gargoyles
  2 rime drakes
  3 demonic crawlers
  10 spiny frogs
  4 yaktaurs (D:14)
  7 centaur skeletons
  8 komodo dragons
  3 efreet
  3 meliai (D:14)
  4 jumping spiders
  2 trolls
  2 polar bears (Lair:5)
  5 hornets
  A meliai (shapeshifter) (D:15)
  Grinder (D:6)
  A tyrant leech (Lair:3)
  3 blink frogs (Lair:5)
  11 hippogriffs
  A centaur simulacrum (D:14)
  32 yaks
  7 redbacks
  14 wyverns
  A spriggan (D:10)
  2 shadows
  A vampire (D:15)
  4 hungry ghosts
  2 tarantellas (Spider:1)
  4 wraiths
  3 hogs (D:12)
  A basilisk (Lair:1)
  Grum (D:11)
  4 vampire mosquitoes (D:15)
  Menkaure (D:5)
  A swamp worm (Lair:3)
  2 acid dragons
  A warg (D:9)
  2 soldier ants (D:13)
  19 water moccasins
  7 porcupines
  A slave (D:5)
  2 ice beasts
  5 orc warriors
  2 phantoms
  5 ogres
  2 necrophages
  3 sky beasts
  23 wolves
  8 centaurs
  9 crocodiles
  2 big kobolds (D:10)
  15 bullfrogs
  A water moccasin zombie (D:11)
  A wyvern skeleton (D:10)
  3 scorpions
  2 electric eels
  8 wights
  A crimson imp (D:7)
  A quasit (D:15)
  5 hounds
  A bullfrog zombie (D:8)
  3 bullfrog skeletons
  6 orc priests
  3 jellies
  An iguana (D:6)
  12 worker ants
  15 orc wizards
  A hound zombie (D:6)
  A worker ant zombie (D:5)
  3 gnolls (D:3)
  8 adders
  2 shadow imps
  An ooze (D:1)
  An adder zombie (D:6)
  An adder skeleton (D:4)
  2 worms (D:3)
  4 dart slugs
  3 leopard geckos
  39 orcs
  5 giant cockroaches
  5 goblins
  11 hobgoblins
  8 jackals
  22 kobolds
  4 quokkas
  3 ball pythons
  9 bats
  3 frilled lizards
  A jackal zombie (D:6)
  A leopard gecko zombie (D:5)
  A quokka zombie (D:8)
  2 rats
551 creatures vanquished.

Vanquished Creatures (others)
  An ugly thing (D:15)
  A slave (D:5)
  A sky beast (D:5)
  A scorpion (D:5)
  2 bushes (Lair:6)
  19 fungi
  23 plants
48 creatures vanquished.

Grand Total: 599 creatures vanquished

Notes
Turn   | Place    | Note
-------+----------+-------------------------------------------
     0 | D:1      | Cecky the Halfling Hunter began the quest for the Orb.
     0 | D:1      | Reached XP level 1. HP: 14/14 MP: 1/1
    69 | D:1      | Reached XP level 2. HP: 19/19 MP: 2/2
   203 | D:1      | Reached XP level 3. HP: 24/24 MP: 3/3
   320 | D:1      | Reached skill level 2 in Fighting
   798 | D:2      | Found a snail-covered altar of Cheibriados.
   802 | D:2      | Found a blossoming altar of Fedhas.
   847 | D:2      | Noticed a scorpion
   866 | D:2      | Killed a scorpion
   866 | D:2      | Reached XP level 4. HP: 29/29 MP: 4/4
  1366 | D:3      | Reached XP level 5. HP: 34/34 MP: 5/5
  1383 | D:3      | Found a hazy altar of Hepliaklqana.
  2240 | D:3      | Found an iron altar of Okawaru.
  2258 | D:3      | Became a worshipper of Warmaster Okawaru
  2913 | D:4      | Found a burning altar of Makhleb.
  3041 | D:4      | Noticed a bullfrog
  3046 | D:4      | Killed a bullfrog
  3046 | D:4      | Reached XP level 6. HP: 41/41 MP: 6/6
  3288 | D:4      | Found a runed translucent door.
  3289 | D:4      | Noticed Crazy Yiuf
  3535 | D:5      | Entered Level 5 of the Dungeon
  3551 | D:5      | Noticed Menkaure
  3560 | D:5      | Killed Menkaure
  3560 | D:5      | Reached * piety under Okawaru
  3560 | D:5      | Reached skill level 3 in Fighting
  3560 | D:5      | Reached skill level 10 in Slings
  3560 | D:5      | Reached XP level 7. HP: 46/46 MP: 7/7
  3586 | D:5      | Found a white marble altar of Elyvilon.
  3702 | D:5      | Noticed Pikel
  3748 | D:5      | Killed Pikel
  3748 | D:5      | Reached ** piety under Okawaru
  3748 | D:5      | Reached skill level 4 in Fighting
  3748 | D:5      | Reached XP level 8. HP: 39/54 MP: 1/8
  3906 | D:5      | Reached *** piety under Okawaru
  3906 | D:5      | Reached skill level 1 in Invocations
  4006 | D:5      | Reached skill level 1 in Throwing
  4007 | D:5      | Found Wasoitt's Antique Armour Boutique.
  4017 | D:5      | Bought an amber-studded scale mail for 216 gold pieces
  4027 | D:5      | Identified the +6 scale mail "Aleneo" {rF+ Dex+3} (You
                  | bought it in a shop on level 5 of the Dungeon)
  4145 | D:5      | Reached skill level 1 in Armour
  4389 | D:6      | Noticed Grinder
  4400 | D:6      | Paralysed by Grinder for 7 turns
  4408 | D:6      | Killed Grinder
  4408 | D:6      | Reached skill level 5 in Fighting
  4434 | D:6      | Reached XP level 9. HP: 61/61 MP: 11/11
  4806 | D:6      | Reached **** piety under Okawaru
  4806 | D:6      | Reached skill level 6 in Fighting
  4829 | D:6      | Found a staircase to the Ecumenical Temple.
  5047 | D:6      | Found a glowing silver altar of Zin.
  5063 | D:6      | Found Impo's Jewellery Boutique.
  5186 | D:7      | Found Xyagoabb's Armour Shop.
  5493 | D:7      | Found Lannot's Food Boutique.
  5620 | D:7      | Reached skill level 5 in Invocations
  5720 | D:7      | Found Tizit's Distillery.
  5781 | D:7      | Found Eroplizu's Weapon Shop.
  6280 | D:8      | Reached skill level 7 in Fighting
  6503 | D:8      | Reached XP level 10. HP: 70/71 MP: 12/14
  6626 | D:8      | Received a gift from Okawaru
  7124 | D:9      | Reached skill level 5 in Armour
  7355 | D:9      | Reached skill level 8 in Fighting
  7379 | D:9      | Found a staircase to the Orcish Mines.
  7792 | D:9      | Noticed Harold
  7820 | D:9      | Killed Harold
  7820 | D:9      | Reached ***** piety under Okawaru
  8285 | D:10     | Entered Level 10 of the Dungeon
  8290 | D:10     | Noticed a gargoyle
  8329 | D:10     | Killed a gargoyle
  8329 | D:10     | Reached skill level 9 in Fighting
  8416 | D:10     | Received a gift from Okawaru
  8416 | D:10     | Reached XP level 11. HP: 63/80 MP: 11/16
  9430 | D:10     | Reached skill level 10 in Fighting
  9492 | D:10     | Found an ornate altar of the Wu Jian Council.
  9964 | D:11     | Received a gift from Okawaru
 10044 | D:11     | Found a staircase to the Lair.
 10182 | D:11     | Received a gift from Okawaru
 10261 | D:11     | Noticed Grum
 10279 | D:11     | Killed Grum
 10741 | D:11     | Found a stormy altar of Qazlal.
 10900 | D:11     | Noticed a two-headed ogre
 10912 | D:11     | Killed a two-headed ogre
 10992 | D:11     | Upgraded the game from 0.24-a0-458-gfcb5e6da0e to
                  | 0.24-a0-462-ge24419a6ad
 11140 | D:12     | Noticed Sonja
 11146 | D:12     | Killed Sonja
 11221 | D:12     | Reached XP level 12. HP: 79/88 MP: 15/18
 11368 | D:12     | Noticed Nessos
 11382 | D:12     | Killed Nessos
 11441 | D:12     | Noticed Kirke
 11457 | D:12     | Killed Kirke
 11457 | D:12     | Received a gift from Okawaru
 11913 | D:12     | Noticed a tengu reaver
 12050 | D:12     | Noticed a yaktaur captain
 12065 | D:12     | Killed a yaktaur captain
 12065 | D:12     | Received a gift from Okawaru
 12301 | Lair:1   | Entered Level 1 of the Lair of Beasts
 12381 | Lair:1   | Got an ichor-stained dagger
 12391 | Lair:1   | Identified the +6 dagger "Qanazoy" {pierce, +Inv rF- Str+4
                  | Int+4} (You found it on level 1 of the Lair of Beasts)
 12410 | Lair:1   | Received a gift from Okawaru
 12410 | Lair:1   | Reached skill level 11 in Fighting
 13264 | Lair:1   | Found a runed translucent door.
 13267 | Lair:1   | Noticed Thantalas's ghost (journeyman GnFi)
 13528 | Lair:2   | Noticed a four-headed hydra
 13542 | Lair:2   | Killed a four-headed hydra
 13542 | Lair:2   | Received a gift from Okawaru
 13542 | Lair:2   | Noticed a six-headed hydra
 13789 | Lair:2   | Noticed a minotaur
 13790 | Lair:2   | Noticed Banto's ghost (journeyman DgWn)
 13873 | Lair:2   | Reached XP level 13. HP: 96/96 MP: 20/20
 14594 | Lair:2   | Found a runed translucent gate.
 14594 | Lair:2   | Found a runed translucent gate.
 14594 | Lair:2   | Found a runed translucent gate.
 14794 | Lair:3   | Reached skill level 12 in Fighting
 15171 | Lair:3   | Noticed a seven-headed hydra
 15196 | Lair:3   | Killed a seven-headed hydra
 15225 | Lair:3   | Noticed Rupert
 15245 | Lair:3   | Received a gift from Okawaru
 15560 | Lair:3   | Reached skill level 5 in Dodging
 15690 | Lair:3   | Noticed a five-headed hydra
 15782 | Lair:3   | Killed Rupert
 15782 | Lair:3   | Received a gift from Okawaru
 15782 | Lair:3   | Received a gift from Okawaru
 15782 | Lair:3   | Reached skill level 13 in Fighting
 15786 | Lair:3   | Got a distressingly furry plate armour {god gift}
 15824 | Lair:2   | Identified the +9 plate armour "Soptomp" {Int+5} (Okawaru
                  | gifted it to you on level 3 of the Lair of Beasts)
 16361 | Lair:3   | Killed a five-headed hydra
 16361 | Lair:3   | Reached skill level 10 in Invocations
 16548 | Lair:3   | Found a staircase to the Swamp.
 16802 | Lair:3   | Noticed a four-headed hydra
 16816 | Lair:3   | Killed a four-headed hydra
 17272 | Lair:4   | Reached skill level 10 in Armour
 17273 | Lair:4   | Found a hole to the Spider Nest.
 17445 | Lair:4   | Noticed a four-headed hydra
 17451 | Lair:4   | Killed a four-headed hydra
 17528 | Lair:4   | Identified the Disquisition on Glacial Venom
 18047 | Lair:5   | Reached XP level 14. HP: 107/107 MP: 21/21
 18316 | Lair:5   | Received a gift from Okawaru
 18367 | Lair:5   | Found a staircase to the Slime Pits.
 18673 | Lair:6   | Entered Level 6 of the Lair of Beasts
 18781 | Lair:6   | Reached skill level 14 in Fighting
 19662 | Lair:5   | Received a gift from Okawaru
 20380 | Lair:6   | Reached ****** piety under Okawaru
 20783 | Lair:6   | Received a gift from Okawaru
 21449 | Lair:6   | Reached skill level 15 in Fighting
 22229 | Lair:6   | Received a gift from Okawaru
 22233 | Lair:6   | Got a distressingly furry cloak {god gift}
 22244 | Lair:6   | Identified the -2 cloak of Velogiam {rF+ MR+ MP+9 Int+4}
                  | (Okawaru gifted it to you on level 6 of the Lair of Beasts)
 22378 | Lair:5   | Upgraded the game from 0.24-a0-462-ge24419a6ad to
                  | 0.24-a0-537-g2d01d4ab0a
 22717 | Lair:5   | Found a staircase to the Slime Pits.
 23060 | D:12     | Killed a tengu reaver
 23915 | D:12     | Upgraded the game from 0.24-a0-537-g2d01d4ab0a to
                  | 0.24-a0-584-g9d6b971ae4
 24361 | D:13     | Reached XP level 15. HP: 116/116 MP: 22/22
 24411 | D:13     | Got a pair of polished gloves
 24436 | D:13     | Identified the +1 pair of gloves of Vehumet's Pride {Str+7}
                  | (You found it on level 13 of the Dungeon)
 24464 | D:13     | Found a hide-covered altar of Uskayaw.
 25575 | D:14     | Found a gate to the Vaults.
 25717 | D:14     | Reached skill level 16 in Fighting
 26057 | D:14     | Received a gift from Okawaru
 26665 | D:14     | Found a shadowy altar of Dithmenos.
 26747 | D:14     | Found a bloodstained altar of Trog.
 26826 | D:15     | Entered Level 15 of the Dungeon
 26980 | D:15     | Found an opulent altar of Gozag.
 27002 | D:15     | Identified the cursed +1 battleaxe of Excruciating Pain
                  | {flame, rF++ MR+}
 27003 | D:15     | Received a gift from Okawaru
 27010 | D:15     | Received a gift from Okawaru
 27175 | D:15     | Found a staircase to the Depths.
 27380 | D:15     | Reached XP level 16. HP: 108/126 MP: 23/23
 27389 | D:15     | Reached skill level 17 in Fighting
 27781 | D:15     | Upgraded the game from 0.24-a0-584-g9d6b971ae4 to
                  | 0.24-a0-592-g9a1d66b0e3
 28798 | Spider:1 | Entered Level 1 of the Spider Nest
 29109 | Spider:1 | Noticed Aizul
 29160 | Spider:1 | Annihilated by Aizul

Levels and vault maps discovered:
D:1:      onia_arrival_mini_spirals, layout_loops_ring, st_stairs_1
D:2:      layout_loops_cross, grunt_temple_overflow_open, first_ration,
          serial_bayou_ford_a
D:3:      layout_loops_ring, lemuel_doored_altar, lemuel_crystal_altar,
          serial_co_window_serial, co_window_of_opportunity_a,
          co_window_corner_a, co_window_of_opportunity_a, co_window_paths_a,
          co_window_corner_a, co_window_corner_a, co_window_cross_1,
          co_window_corner_b, co_window_broadway_a, co_window_paths_c,
          co_window_4corner_b, co_window_4corner_a, glass_columns_b
D:4:      layout_loops_ring, old_standard_altar, nicolae_overflow_hidden_temple,
          uniq_crazy_yiuf_cottage
D:5:      layout_gridville, elyvilon_altar_4, serial_shops, shop,
          dk_noncrumbling_3, minmay_checkerbox, uniq_pikel, uniq_menkaure
D:6:      layout_cave_pools, zin_statuary, minmay_temple_entry_overgrown,
          serial_shops, shop_coins, serial_column_ruins, column_ruins_hut,
          column_ruins_hut, column_ruins_columns_plus, column_ruins_open_small,
          column_ruins_open_small, column_ruins_open_tiny,
          column_ruins_columns_straight, column_ruins_grid_3, uniq_grinder
D:7:      layout_basic, serial_shops, kennysheep_mini, shop, shop_fountains,
          shop_fountains
D:8:      layout_basic
D:9:      layout_loops_corners, david_orc_3, uniq_harold
D:10:     layout_stronghold, basic_altar, hangedman_stone_soup
D:11:     layout_roguey, lair_entry_dummy, grunt_decor_fettered,
          grunt_qazlal_sundering, uniq_grum
D:12:     minmay_octo_star, layout_loops_ring, uniq_nessos, uniq_sonja,
          uniq_kirke
D:13:     layout_irregular_city, basic_altar, item_on_display_a
D:14:     layout_roguey, hangedman_vaults_entry_quadrant_bands,
          nicolae_dithmenos_shadow_blocks, basic_altar, minmay_crystal_water
D:15:     grunt_enter_depths_hoard, layout_irregular_city, small_statue_alley_a,
          grunt_gozag_breadcrumbs
Lair:1:   layout_gridlike, ebering_ghost_inner_flame
Lair:2:   layout_regular_city, maelrawn_ghost_gauntlet_escape,
          infiniplex_staircase_pool
Lair:3:   layout_loops_ring, palyth_hydra_swamp_entry, serial_bayou_shore_a,
          grunt_megastairs_5, uniq_rupert
Lair:4:   layout_gridlike, spider_nest_entry_funnel_web, lemuel_fruit_fields,
          grunt_megastairs_2
Lair:5:   layout_regular_city, dpeg_slime_entry_corner
Lair:6:   hangedman_lair_tendril_chambers, layout_hall_layers, wad_woods_06
Spider:1: layout_spider_delve, portal_ice_cave_entry_dragon,
          hangedman_spider_mandibles, uniq_frances, uniq_aizul, uniq_josephine

Skill      XL: |  1  2  3  4  5  6  7  8  9 10 11 12 13 14 15 16 |
---------------+-------------------------------------------------+-----
Slings         | 6 8 9 10 11 12 13 | 13.9
Fighting       | 2 3 4 5 7 9 10 11 13 15 16 17 | 17.4
Stealth        | 2 |  2.3
Invocations    | 3 5 6 8 9 10 | 10.1
Throwing       | 1 |  1.4
Armour         | 2 4 7 9 10 11 13 | 13.8
Dodging        | 4 6 |  6.6
Unarmed Combat | |  0.1
Evocations     | |  0.6

Action                   |  1- 3 |  4- 6 |  7- 9 | 10-12 | 13-15 | 16-18 || total
-------------------------+-------+-------+-------+-------+-------+-------++-------
Melee: Whip              |       |       |     8 |       |    33 |    93 ||   134
       Hunting sling     |       |       |     2 |       |       |       ||     2
       Unarmed           |       |       |       |    10 |       |       ||    10
       Punch             |       |       |       |       |       |     1 ||     1
 Fire: Hunting sling     |    82 |   124 |   330 |   552 |       |       ||  1088
       Fustibalus        |       |       |       |   292 |  1297 |   147 ||  1736
Throw: Dart              |       |       |     5 |       |       |       ||     5
Invok: Heroism           |       |       |       |     5 |    12 |     2 ||    19
       Finesse           |       |       |       |     4 |    11 |     1 ||    16
Evoke: Wand              |       |       |       |     5 |       |       ||     5
  Use: Scroll            |       |     8 |     3 |    10 |     9 |     3 ||    33
       Potion            |       |       |     2 |     2 |     7 |     7 ||    18
  Eat: Chunk             |       |     3 |     4 |    10 |    22 |     1 ||    40
       Ration            |       |     2 |     1 |     4 |     5 |     2 ||    14
Armor: Leather armour    |     5 |       |       |       |       |       ||     5
       Scale mail        |       |       |    31 |   100 |    77 |       ||   208
       Plate armour      |       |       |       |       |   401 |   127 ||   528
Dodge: Dodged            |    17 |    13 |    38 |   164 |   419 |   109 ||   760
       Deflected         |       |       |       |       |    10 |       ||    10

Table legend:
 A = Non-vault XP
 B = Vault XP
 C = Vault XP percentage of total XP
 D = Non-vault monster count
 E = Vault monster count
 F = Vault count percentage of total count
                 A         B        C        D         E       F
            +---------+---------+-------+---------+---------+-------
      Total |   83667 |   39112 |  31.9 |     441 |     109 |  19.8
            +---------+---------+-------+---------+---------+-------
        D:1 |      49 |       6 |  10.9 |      25 |       3 |  10.7
        D:2 |      80 |       0 |   0.0 |       7 |       0 |   0.0
        D:3 |     125 |       0 |   0.0 |      28 |       0 |   0.0
        D:4 |      97 |       0 |   0.0 |       5 |       0 |   0.0
        D:5 |     430 |     849 |  66.4 |      17 |       3 |  15.0
        D:6 |    1108 |     282 |  20.3 |      23 |       2 |   8.0
        D:7 |     327 |       0 |   0.0 |      13 |       0 |   0.0
        D:8 |    1010 |       0 |   0.0 |      22 |       0 |   0.0
        D:9 |    1487 |    1213 |  44.9 |      13 |       7 |  35.0
       D:10 |    3257 |     338 |   9.4 |      39 |       4 |   9.3
       D:11 |    2939 |     528 |  15.2 |      21 |       4 |  16.0
       D:12 |     322 |    8596 |  96.4 |       6 |      10 |  62.5
       D:13 |    6072 |       0 |   0.0 |      21 |       0 |   0.0
       D:14 |   17223 |    5696 |  24.9 |      44 |      17 |  27.9
       D:15 |   16735 |    2109 |  11.2 |      35 |       2 |   5.4
     Lair:1 |    3406 |       0 |   0.0 |      19 |       0 |   0.0
     Lair:2 |    3813 |       0 |   0.0 |      17 |       0 |   0.0
     Lair:3 |    5678 |    6175 |  52.1 |      24 |       9 |  27.3
     Lair:4 |    3913 |    1368 |  25.9 |      13 |       6 |  31.6
     Lair:5 |    3960 |    1272 |  24.3 |      11 |       5 |  31.2
     Lair:6 |    7774 |    9502 |  55.0 |      27 |      35 |  56.5
   Spider:1 |    3862 |    1178 |  23.4 |      11 |       2 |  15.4
            +---------+---------+-------+---------+---------+-------
